 Dungeon Crawl Stone Soup version 0.30-a0-852-g08b95dd62f (webtiles) character file.

Game seed: 8921059177285120385

2958 demibob the Cleaver (level 9, -6/57 HPs)
             Began as a Demonspawn Wanderer on Mar 4, 2023.
             Was a Priest of Trog.
             Mangled by an orc warrior
             ... wielding a +2 scimitar of electrocution
              (19 damage)
             ... on level 7 of the Dungeon.
             The game lasted 00:09:28 (6912 turns).

demibob the Cleaver (Demonspawn Wanderer)           Turns: 6912, Time: 00:09:29

Health: -6/57      AC: 14    Str: 18    XL:     9   Next: 52%
Magic:  9/9        EV:  9    Int:  9    God:    Trog [***...]
Gold:   298        SH:  0    Dex: 16    Spells: 8/8 levels left

rFire   + . .      SeeInvis .    n - +0 war axe
rCold   . . .      Faith    .    (no shield)
rNeg    . . .      Spirit   .    u - +0 scale mail
rPois   .          Reflect  .    (no helmet)
rElec   .          Rampage  .    g - +0 cloak
rCorr   .                        (no gloves)
Will    .....                    (no boots)
Stlth   +                        (no amulet)
HPRegen 0.29/turn                T - +4 ring of protection
MPRegen 0.11/turn                F - ring of protection from fire

@: no status effects
A: claws 1, molten scales 1, foul stench 2
a: Renounce Religion, Berserk, Trog's Hand


You were on level 7 of the Dungeon.
You worshipped Trog.
Trog was most pleased with you.
You visited 1 branch of the dungeon, and saw 7 of its levels.
You also visited: Ossuary.

You collected 298 gold pieces.


Innate Abilities, Weirdness & Mutations

You have sharp fingernails.
You are partially covered in molten scales. (AC +2)
You sometimes emit foul miasma when damaged in melee.


   Skills:
 * Level 10.8 Axes
 - Level 1.0 Throwing
 + Level 5.8 Armour
 - Level 4.5 Stealth
 - Level 1.7 Shields


You had 8 spell levels left.
You didn't know any spells.
Your spell library contained the following spells:

 Spells                   Type           Power      Damage    Failure   Level
 Frozen Ramparts          Ice            0%         1d1       98%         3
 Ice Form                 Ice/Tmut       0%         N/A       100%        4
 Summon Ice Beast         Ice/Summ       0%         N/A       100%        4

Inventory:

Hand Weapons
 a - a +0 dagger of protection
 d - a +0 hand axe
 n - a +0 war axe (weapon)
Missiles
 b - 2 atropa-tipped darts (quivered)
 c - a datura-tipped dart
 e - a curare-tipped dart {=f}
 i - 18 poisoned darts
Armour
 g - a +0 cloak (worn)
 u - a +0 scale mail (worn)
Jewellery
 f - the ring of Qobum {Fire Int+3 Dex+2 Stlth-}
   (You found it on level 6 of the Dungeon)

   [ring of fire]

   It enhances your fire magic.
   Int:       It affects your intelligence (+3).
   Dex:       It affects your dexterity (+2).
   rF:        It protects you from fire.
   rC:        It makes you vulnerable to cold.
   Stlth:     It makes you less stealthy.
 h - an amulet of magic regeneration
 F - a ring of protection from fire (right claw)
 S - a +6 ring of strength
 T - a +4 ring of protection (left claw)
Wands
 p - a wand of iceblast (7)
 r - a wand of flame (26)
 z - a wand of paralysis (3)
Scrolls
 q - a scroll of silence {!r}
 v - 3 scrolls of teleportation {@r2}
 x - a scroll of blinking
 y - a scroll of enchant armour
Potions
 j - 2 potions of mutation
 k - 4 potions of magic
 l - a potion of berserk rage {!q}
 m - a potion of lignification {unknown}
 o - 2 potions of attraction
 s - a potion of haste {@q3}
 t - a potion of ambrosia
 w - a potion of cancellation

Dungeon Overview and Level Annotations

Branches:
Dungeon (7/15)             Temple (0/1) D:6         Ossuary (visited)

Altars:
Cheibriados
Fedhas
Nemelex Xobeh
Okawaru
Trog
Uskayaw
Vehumet
Xom

Shops:
D:6

! *,**,***** ******,*,,,,,,*
########### *,,,,,,,*****,*
..........# *,,,,,,,+,,,*,*
###...###.# *,,,,,,,***,*,*
.##...###.##############.#.##****
..+...'.....................>,,,,
.##...###.#.####o##........#.***,
..........#.####@##..........,,*,
.##########.##....#.......#..*,*,
....).))..#.##....#########,.*,*,
.########.#.##....# *,,,,,* .#
*,..####'## *,,,,,* <#
**######'#### *,,,,,* ##
#........# *,,*,** #........#
*,,*,* #........# *,,*,**


You could see an orc warrior.


Message History

You hear the crackle of electricity.
The orc warrior hits you with a +2 scimitar of electrocution.
You hit the orc warrior but do no damage.
You slash the orc warrior!
The orc warrior is moderately wounded.
The orc warrior barely misses you.
You hit the orc warrior.
The orc warrior is moderately wounded.
The orc warrior barely misses you.
You slash the orc warrior!
The orc warrior is almost dead.
The orc warrior barely misses you.
You closely miss the orc warrior.
The orc warrior is almost dead.
The orc warrior hits you with a +2 scimitar of electrocution!
You hit the orc warrior.
The orc warrior is almost dead.
The orc warrior hits you but does no damage.
You are electrocuted!!
* * * LOW HITPOINT WARNING * * *
You are too injured to fight recklessly!
You closely miss the orc warrior.
The orc warrior is almost dead.
The orc warrior closely misses you.
You hit the orc warrior but do no damage.
The orc warrior is almost dead.
The orc warrior hits you with a +2 scimitar of electrocution!
* * * LOW HITPOINT WARNING * * *
You are electrocuted!!
You die...

Skill      XL: |  1  2  3  4  5  6  7  8  9 |
---------------+----------------------------+-----
Axes           | 2 3 4 5 6 8 9 10 | 10.8
Armour         | 2 4 5 |  5.8
Throwing       | |  1.0
Stealth        | |  4.5
Shields        | |  1.7

Action                     |  1- 3 |  4- 6 |  7- 9 || total
---------------------------+-------+-------+-------++-------
  Melee: Hand axe          |    75 |       |       ||    75
         War axe           |    21 |   127 |   267 ||   415
         Punch             |       |       |     4 ||     4
 Invoke: Berserk           |     1 |     3 |     6 ||    10
         Trog's Hand       |       |       |     1 ||     1
  Evoke: Wand              |       |       |     8 ||     8
    Use: Scroll            |     6 |     1 |    13 ||    20
         Potion            |       |       |     2 ||     2
   Stab: Sleeping          |    14 |     5 |       ||    19
 Armour: Leather armour    |    32 |    32 |       ||    64
         Scale mail        |       |    18 |   203 ||   221
  Dodge: Dodged            |    45 |    62 |   129 ||   236
  Block: Buckler           |    25 |    12 |       ||    37

Levels and vault maps discovered:
D:1:      dpeg_arrival_lava_temple_mockup, layout_basic, nrook_mini_backslash
D:2:      layout_basic, basic_ecumenical_altar, st_stairs_7
D:3:      layout_basic, general_overflow_altar, nicolae_overflow_squiral,
          vehumet_altar_wand_db, uniq_terence, uniq_sigmund,
          uniq_crazy_yiuf_cottage, uniq_ijyb
D:4:      wander_river, layout_basic, kennysheep_little_box,
          mainiacjoe_overflow_chevrons, minmay_a_box_with_orc_wizards_in_it
D:5:      layout_cave_pods
D:6:      layout_cave_pools, minmay_temple_entry_antechambers, serial_shops,
          shop_fountains, corner_web_ring, serial_bayou_lagoon_a,
          uniq_blork_the_orc, uniq_pikel
D:7:      layout_basic, okawaru_metal_pillars_1_2, lemuel_doored_altar,
          nicolae_ossuary_entry_ruins, kb_lookout_dungeons_type

Notes
Turn   | Place    | Note
-------+----------+-------------------------------------------
     0 | D:1      | demibob the Demonspawn Wanderer began the quest for the
                  | Orb.
     0 | D:1      | demibob set off with the following items: a +0 dagger, 2
                  | atropa-tipped darts, a datura-tipped dart, a +0 hand axe, a
                  | +0 buckler, a potion of berserk rage {!q}, a +0 leather
                  | armour.
     0 | D:1      | Reached XP level 1. HP: 13/13 MP: 1/1
    98 | D:1      | Reached skill level 2 in Axes
   281 | D:1      | Gained mutation: You are partially covered in molten
                  | scales. (AC +2) [demonic ancestry]
   281 | D:1      | Reached XP level 2. HP: 19/19 MP: 2/2
   922 | D:2      | Reached skill level 3 in Axes
   922 | D:2      | Reached XP level 3. HP: 23/24 MP: 3/3
  1536 | D:2      | Found a faded altar of an unknown god.
  1663 | D:2      | Prayed at the altar of an unknown god.
  1663 | D:2      | Became a worshipper of Trog the Wrathful
  1663 | D:2      | Reached * piety under Trog
  1716 | D:3      | Noticed Ijyb
  1732 | D:3      | Killed Ijyb
  1733 | D:3      | Reached skill level 4 in Axes
  1733 | D:3      | Gained mutation: You may rarely emit foul miasma when
                  | damaged in melee. [demonic ancestry]
  1733 | D:3      | Reached XP level 4. HP: 24/30 MP: 4/4
  1822 | D:3      | Found a blossoming altar of Fedhas.
  1943 | D:3      | Noticed Sigmund
  1953 | D:3      | Killed Sigmund
  1954 | D:3      | Reached skill level 5 in Axes
  1954 | D:3      | Reached XP level 5. HP: 35/35 MP: 5/5
  2059 | D:3      | Gained mutation: You sometimes emit foul miasma when
                  | damaged in melee. [demonic ancestry]
  2059 | D:3      | Reached XP level 6. HP: 41/41 MP: 6/6
  2096 | D:3      | Found a hide-covered altar of Uskayaw.
  2152 | D:3      | Noticed Terence
  2156 | D:3      | Reached skill level 6 in Axes
  2157 | D:3      | Killed Terence
  2183 | D:3      | Found a radiant altar of Vehumet.
  2329 | D:3      | You fall into a shaft and drop 3 floors!
  2384 | D:5      | Entered Level 5 of the Dungeon
  2688 | D:4      | Reached ** piety under Trog
  2720 | D:4      | Found a snail-covered altar of Cheibriados.
  3132 | D:3      | Found a runed translucent door.
  3133 | D:3      | Noticed Crazy Yiuf
  3298 | D:3      | Reached XP level 7. HP: 46/46 MP: 7/7
  3444 | D:3      | Killed Crazy Yiuf
  3445 | D:3      | Reached skill level 1 in Armour
  3525 | D:4      | Reached skill level 7 in Axes
  3856 | D:4      | Found a sparkling altar of Nemelex Xobeh.
  4097 | D:4      | Reached skill level 2 in Armour
  5096 | D:6      | Reached skill level 8 in Axes
  5096 | D:6      | Reached XP level 8. HP: 39/52 MP: 8/8
  5288 | D:6      | Reached skill level 3 in Armour
  5486 | D:6      | Identified a +1 robe of resistance
  5486 | D:6      | Noticed Pikel
  5494 | D:6      | Killed Pikel
  5495 | D:6      | Reached skill level 9 in Axes
  5495 | D:6      | Reached skill level 4 in Armour
  5508 | D:6      | Found a staircase to the Ecumenical Temple.
  5524 | D:6      | Noticed Blork the orc
  5547 | D:6      | Killed Blork the orc
  5569 | D:6      | Found Enaluv's Distillery.
  5768 | D:6      | Identified the ring of Qobum {Fire Int+3 Dex+2 Stlth-}
  5811 | D:6      | Gained mutation: You have sharp fingernails. [demonic
                  | ancestry]
  5811 | D:6      | Reached XP level 9. HP: 43/57 MP: 9/9
  6130 | D:7      | Reached skill level 10 in Axes
  6130 | D:7      | Reached skill level 5 in Armour
  6144 | D:7      | Found a sand-covered staircase.
  6153 | Ossuary  | Entered an ossuary
  6162 | Ossuary  | Reached *** piety under Trog
  6386 | D:7      | Noticed a cyclops
  6399 | D:7      | Killed a cyclops
  6601 | D:7      | Found a shimmering altar of Xom.
  6784 | D:7      | Identified the +2 leather armour of Slovenliness {rPois rN+
                  | Str-4}
  6865 | D:7      | Found an iron altar of Okawaru.
  6912 | D:7      | Mangled by an orc warrior

Vanquished Creatures
  Pikel (D:6)
  A cyclops (D:7)
  Sigmund (D:3)
  A black bear (D:6)
  An orc warrior (D:7)
  A kobold brigand (D:6)
  Blork the orc (D:6)
  A bullfrog (D:6)
  4 scorpions
  5 wights (D:6)
  An electric eel (D:6)
  5 centaur zombies (Ossuary)
  4 hounds
  An orc priest (D:3)
  Crazy Yiuf (D:3)
  A sleepcap (D:6)
  Ijyb (D:3)
  11 orc wizards
  Terence (D:3)
  6 mummies (Ossuary)
  7 gnolls
  9 adders
  An ufetubus (D:6)
  3 worms
  A dart slug (D:4)
  22 orcs
  3 ball pythons
  6 bats
  7 endoplasms
  A giant cockroach (D:4)
  5 hobgoblins
  13 kobolds
  3 quokkas
  A frilled lizard (D:1)
  11 goblins
  4 hobgoblin zombies (Ossuary)
  7 rats
153 creatures vanquished.

Vanquished Creatures (others)
  32 plants (D:6)
32 creatures vanquished.

Grand Total: 185 creatures vanquished

Table legend: (Time is in decaauts)
 A = Elapsed time spent in this place.
 B = Non-inter-level travel time spent in this place.
 C = Inter-level travel time spent in this place.
 D = Time resting spent in this place.
 E = Time spent auto-exploring this place.
 F = Levels seen in this place.
 G = Mean time per level.
                   A        B        C        D        E       F      G
               +--------+--------+--------+--------+--------+-----+--------+
         Total |   7085 |   6867 |    218 |    757 |   4811 |   8 |  885.6 |
       Dungeon |   6844 |   6626 |    218 |    648 |   4750 |   7 |  977.7 |
       Ossuary |    241 |    241 |      0 |    109 |     61 |   1 |  241.0 |
               +--------+--------+--------+--------+--------+-----+--------+

Top non-repeatable levels by time:
     D:3: 1349 daAuts
     D:4: 1116 daAuts
     D:6: 1101 daAuts
     D:2: 956 daAuts
     D:5: 898 daAuts
     D:1: 750 daAuts
     D:7: 671 daAuts
 Ossuary: 241 daAuts

Table legend:
 A = Non-vault XP
 B = Vault XP
 C = Vault XP percentage of total XP
 D = Non-vault monster count
 E = Vault monster count
 F = Vault count percentage of total count
                 A         B        C        D         E       F
            +---------+---------+-------+---------+---------+-------
      Total |    2618 |    1608 |  38.1 |     124 |      29 |  19.0
            +---------+---------+-------+---------+---------+-------
        D:1 |      23 |       0 |   0.0 |      13 |       0 |   0.0
        D:2 |      46 |       3 |   6.1 |      12 |       2 |  14.3
        D:3 |     112 |     340 |  75.2 |      29 |       5 |  14.7
        D:4 |     307 |     176 |  36.4 |      22 |       5 |  18.5
        D:5 |     192 |       0 |   0.0 |      10 |       0 |   0.0
        D:6 |     970 |     747 |  43.5 |      24 |       2 |   7.7
        D:7 |     968 |       0 |   0.0 |      14 |       0 |   0.0
    Ossuary |       0 |     342 | 100.0 |       0 |      15 | 100.0
            +---------+---------+-------+---------+---------+-------
